 Dungeon Crawl Stone Soup version 0.19.1 (webtiles) character file.

1234 Jesseh the Fighter (level 8, -3/78 HPs)
             Began as a Minotaur Fighter on Nov 25, 2016.
             Slain by an iguana (9 damage)
             ... on level 5 of the Dungeon on Nov 28, 2016.
             The game lasted 00:11:26 (3770 turns).

Jesseh the Fighter (Minotaur Fighter)               Turns: 3770, Time: 00:11:26

Health: -3/78      AC:  6    Str: 23    XL:     8   Next: 24%
Magic:  16/16      EV:  7    Int:  9    God:
Gold:   176        SH:  9    Dex: 10    Spells: 0 memorised, 7 levels left

rFire  . . .     SeeInvis .     a - +0 war axe
rCold  . . .     Gourm    .     b - +0 scale mail
rNeg   . . .     Faith    .     c - +0 shield
rPois  .         Spirit   .     (helmet restricted)
rElec  .         Reflect  .     (no cloak)
rCorr  .         Harm     .     (no gloves)
MR     .....                    (no boots)
Stlth  ..........               (no amulet)
                                j - ring of magical power
                                k - +4 ring of intelligence

@: no status effects
A: retaliatory headbutt, horns 2
a: no special abilities


You were on level 5 of the Dungeon.
You were very hungry.

You visited 1 branch of the dungeon, and saw 5 of its levels.

You collected 176 gold pieces.

Inventory:

Hand Weapons
 a - a +0 war axe (weapon)
 t - a cursed +0 dagger
   (You found it on level 2 of the Dungeon)
Armour
 b - a +0 scale mail (worn)
 c - a +0 shield (worn)
 w - a cursed +0 robe
   (You found it on level 3 of the Dungeon)
Jewellery
 j - a ring of magical power (right hand)
   (You found it on level 1 of the Dungeon)
 k - a +4 ring of intelligence (left hand)
   (You found it on level 1 of the Dungeon)
 z - the ring "Ypraorum" {Dex+3 Stlth+, unknown}
   (You found it on level 4 of the Dungeon)

   [ring of stealth]

   It affects your dexterity (+3).
   It makes you more stealthy.
Wands
 D - a wand of slowing (26/48)
   (You found it on level 4 of the Dungeon)
Scrolls
 e - 3 scrolls of enchant weapon {unknown}
 g - a scroll of random uselessness {unknown}
 m - a scroll of noise {unknown}
 n - 6 scrolls of remove curse {unknown}
 p - 4 scrolls of identify {unknown}
 q - a scroll of magic mapping {unknown}
 u - a scroll of fog {unknown}
 y - a scroll of teleportation {unknown}
Potions
 d - a potion of might
 h - a potion of haste
 i - 5 potions of heal wounds {unknown}
 l - a potion of invisibility {unknown}
 o - a potion of degeneration {unknown}
 r - 2 potions of flight {unknown}
 s - 2 potions of lignification {unknown}
 v - a potion of curing
Books
 C - a book of Misfortune
   (You found it on level 4 of the Dungeon)
Comestibles
 f - 2 bread rations
 x - 3 meat rations
 A - a beef jerky
 B - 3 fruits


   Skills:
 + Level 9.1 Fighting
 * Level 8.8 Axes
 - Level 3.6 Armour
 - Level 3.6 Shields


You had 7 spell levels left.
You didn't know any spells.

Dungeon Overview and Level Annotations

Branches:
Dungeon (5/15)
 Temple: D:4-7

Altars:
Hepliaklqana
Xom
Yredelemnul

Annotations:
D:3 1 runed door


Innate Abilities, Weirdness & Mutations

You reflexively headbutt those who attack you in melee.
You have a pair of horns on your head.


Message History

You hit the adder but do no damage. You hit the leopard gecko.
You kill the leopard gecko!
The adder barely misses you. You block the adder's attack.
You miss the adder. You block the adder's attack.
You miss the adder. The adder barely misses you. You furiously retaliate!
You headbutt the adder! You hit the adder.
You kill the adder!
You see here an adder corpse.
D - a wand of slowing Done exploring.
There is an escape hatch in the floor here.
You slide downwards.
The hatch slams shut behind you. 2 orcs come into view.
The orc shouts! x2
Search for what [? for help]? altar An orc priest comes into view.
An iguana and an orc priest come into view.
The orc priest shouts!
The orc priest looks encouraged for a moment.
The orc priest invokes the aid of Beogh against you.
Beogh smites you!
An orc comes into view. It is wielding a dagger.
The orc shouts!
Something shouts, "Back with thee, thou grime-gilt beetle-headed flim-flammer!"
Your shield prevents you from hitting the orc.
The orc hits you with a club.
The orc priest invokes the aid of Beogh against you.
Beogh smites you!
A shadow imp comes into view.
You slice the orc!!
You kill the orc!
You closely miss the orc. You block the orc's attack.
Your shield prevents you from hitting the orc.
The orc hits you with a club.
The orc priest looks braver for a moment.
The orc priest invokes the aid of Beogh against you.
Beogh smites you!
You are too injured to fight recklessly!
You are too injured to fight recklessly!
You are too injured to fight recklessly!
You are too injured to fight recklessly!
You are too injured to fight recklessly!
The orc hits you with a club.
The orc priest looks braver for a moment.
The shadow imp shouts, "Begone, thou unhinged mumble-news bandersnitch!"
You hit the orc.
You kill the orc!
The orc throws an exploding tomahawk.
You block the exploding tomahawk.
The exploding tomahawk explodes!
The explosion of tomahawk fragments engulfs you!
You hear a bark!
The orc priest barely misses you.
The orc priest invokes the aid of Beogh against you.
Beogh smites you!
* * * LOW HITPOINT WARNING * * *
You see here a club.
You hit the orc priest but do no damage.
You barely miss the orc. You block the orc's attack.
The orc priest hits you but does no damage.
The shadow imp closely misses you.
You hit the orc priest but do no damage.
You headbutt the orc priest, but do no damage.
You closely miss the orc. You hit the shadow imp. You block the orc's attack.
The orc priest hits you but does no damage.
You block the shadow imp's attack.
You hit the orc priest.
You headbutt the orc priest, but do no damage.
You barely miss the shadow imp. You slash the orc!
You kill the orc!
The orc priest hits you.
* * * LOW HITPOINT WARNING * * *
The shadow imp hits you but does no damage.
You block the orc priest's attack. x2
You hit the orc priest. You slash the shadow imp!
You kill the shadow imp!
You slash the orc priest!
The orc priest hits you but does no damage.
The orc priest barely misses you.
You hit the orc priest but do no damage.
You headbutt the orc priest, but do no damage.
You closely miss the orc priest.
The orc priest calls down the wrath of Beogh upon you.
Beogh smites you!
* * * LOW HITPOINT WARNING * * *
The orc priest barely misses you. You furiously retaliate!
You headbutt the orc priest!
You kill the orc priest!
You hit the orc priest but do no damage.
You block the orc priest's attack.
You hit the orc priest. You hit the iguana. The iguana bites you.
* * * LOW HITPOINT WARNING * * *
You block the orc priest's attack. You block the iguana's attack.
A hound comes into view.
You hit the orc priest but do no damage.
Your shield prevents you from hitting the iguana.
The orc priest barely misses you. You furiously retaliate!
You headbutt the orc priest, but do no damage.
The iguana bites you!
You die...

▒..▒ .▒ ▒...
.▒ ▒..▒ .▒▒▒
▒..▒ ...▒
▒..▒▒▒)▒.▒..▒
▒....o......▒
▒..▒▒▒.▒.▒..▒
▒lo▒ ....
▒▒H▒.▒.▒▒▒
▒...▒.▒
▒.▒▒▒.▒ ...
.. ....% ▒.
...h...
.%.......
▒..........
▒...........


You could see an iguana, a hound and an orc priest.

Vanquished Creatures
  An orc warrior (D:2)
  2 phantoms
  3 ogres (D:4)
  A howler monkey (D:4)
  2 jellies (D:4)
  A bullfrog skeleton (D:4)
  7 orc wizards
  4 orc priests
  A centaur skeleton (D:4)
  6 gnolls (D:4)
  7 adders
  A shadow imp (D:5)
  2 oozes (D:2)
  3 worms (D:2)
  4 dart slugs
  A leopard gecko (D:4)
  17 orcs
  2 giant cockroaches
  7 hobgoblins
  An iguana (D:4)
  2 jackals (D:2)
  8 kobolds
  2 quokkas (D:2)
  A ball python (D:2)
  8 bats
  8 frilled lizards
  5 goblins
  A goblin skeleton (D:3)
  A leopard gecko skeleton (D:4)
  11 rats
120 creatures vanquished.

Notes
Turn   | Place    | Note
-------+----------+-------------------------------------------
     0 | D:1      | Jesseh the Minotaur Fighter began the quest for the Orb.
     0 | D:1      | Reached XP level 1. HP: 19/19 MP: 0/0
   107 | D:1      | Reached skill level 3 in Axes
   125 | D:1      | Reached XP level 2. HP: 27/27 MP: 1/1
   229 | D:1      | Reached skill level 4 in Fighting
   863 | D:2      | Reached XP level 3. HP: 31/34 MP: 2/2
  1088 | D:2      | Reached skill level 5 in Fighting
  1287 | D:2      | Reached XP level 4. HP: 42/42 MP: 3/3
  1301 | D:2      | Noticed an orc warrior
  1302 | D:2      | Noticed a phantom
  1304 | D:2      | Reached skill level 4 in Axes
  1316 | D:2      | HP: 4/42 [orc warrior/short sword (15)]
  1318 | D:2      | Killed an orc warrior
  1318 | D:2      | Reached XP level 5. HP: 5/50 MP: 4/4
  1349 | D:2      | HP: 6/50 [phantom (7)]
  1356 | D:2      | HP: 5/50 [phantom (2)]
  1358 | D:2      | Killed a phantom
  1358 | D:2      | Reached skill level 6 in Fighting
  1358 | D:2      | Reached skill level 5 in Axes
  1760 | D:3      | Found a runed door.
  1760 | D:3      | Noticed a human
  1761 | D:3      | Found a basalt altar of Yredelemnul.
  1794 | D:3      | Reached XP level 6. HP: 40/58 MP: 5/5
  2131 | D:3      | Reached skill level 6 in Axes
  2382 | D:3      | Found a hazy altar of Hepliaklqana.
  2382 | D:3      | Found a faded altar of an unknown god.
  2399 | D:3      | Found a faded altar of an unknown god.
  2401 | D:3      | Found a faded altar of an unknown god.
  2403 | D:3      | Found a faded altar of an unknown god.
  2513 | D:4      | HP: 10/58 [bullfrog skeleton (6)]
  2515 | D:4      | Reached skill level 7 in Fighting
  2771 | D:4      | Reached XP level 7. HP: 36/66 MP: 6/6
  2992 | D:4      | Reached skill level 7 in Axes
  3072 | D:4      | Reached skill level 8 in Fighting
  3098 | D:4      | Reached skill level 8 in Axes
  3132 | D:4      | Reached XP level 8. HP: 44/75 MP: 7/7
  3222 | D:4      | Found a shimmering altar of Xom.
  3310 | D:4      | Reached skill level 9 in Fighting
  3424 | D:4      | Got a warped platinum ring
  3747 | D:5      | Entered Level 5 of the Dungeon
  3767 | D:5      | HP: 9/78 [orc priest/divine providence (15)]
  3770 | D:5      | Slain by an iguana

Skill      XL: |  1  2  3  4  5  6  7  8 |
---------------+-------------------------+-----
Axes           | 3 4 5 6 8 |  8.8
Fighting       | 4 5 6 7 8 9 |  9.1
Armour         | |  3.6
Shields        | |  3.6

Action                   |  1- 3 |  4- 6 |  7- 9 || total
-------------------------+-------+-------+-------++-------
Melee: War axe           |    94 |   119 |    98 ||   311
       Headbutt          |    10 |    18 |    18 ||    46
Throw: Throwing net      |     7 |       |       ||     7
  Use: Potion            |       |     1 |       ||     1
  Eat: Chunk             |     1 |     1 |     2 ||     4
       Bread ration      |       |     1 |       ||     1
Armor: Scale mail        |    48 |    27 |    31 ||   106
Dodge: Dodged            |    39 |    32 |    29 ||   100
Block: Shield            |    49 |    57 |    48 ||   154

Vault maps used:
D:1:      lemuel_arrival_muddy, kennysheep_another_room
D:2:      minmay_divided_ellipse
D:3:      chequers_temple_overflow_minitemple, dk_yredelemnul_ordeal
D:4:      grunt_ministairs_7, dk_xom_monty_hall
D:5:      nicolae_overflow_crystal_walls, first_bread, minmay_misc_feat_roman,
          nrook_mini_vaults, st_stairs_7

Table legend:
 A = Turns spent in this place as a percentage of turns spent in the entire game.
 B = Non-inter-level travel turns spent in this place as a percentage of non-inter-level travel turns spent in the entire game.
 C = Inter-level travel turns spent in this place as a percentage of turns spent in this place.
 D = Turns resting spent in this place as a percentage of non-inter-level travel turns spent in this place.
 E = Turns spent auto-exploring this place as a percentage of non-inter-level travel turns spent in this place.
 F = Non-inter-level travel turns spent in this place divided by the number of levels of this place that you've seen.
                   A       B       C       D       E      F
               +-------+-------+-------+-------+-------+----------------------
         Total | 100.0 | 100.0 |   0.4 |   0.8 |   9.6 | 227.6
       Dungeon | 100.0 | 100.0 |   0.4 |   0.8 |   9.6 | 227.6
               +-------+-------+-------+-------+-------+----------------------

Table legend:
 A = Kills in this place as a percentage of kills in entire the game.
 B = Kills by you in this place as a percentage of kills by you in the entire game.
 C = Kills by friends in this place as a percentage of kills by friends in the entire game.
 D = Other kills in this place as a percentage of other kills in the entire game.
 E = Experience gained in this place as a percentage of experience gained in the entire game.
 F = Experience gained in this place divided by the number of levels of this place that you have seen.
                   A       B       C       D       E      F
               +-------+-------+-------+-------+-------+----------------------
         Total | 100.0 | 100.0 |  -nan |  -nan | 100.0 | 352.8
       Dungeon | 100.0 | 100.0 |  -nan |  -nan | 100.0 | 352.8
               +-------+-------+-------+-------+-------+----------------------
